 Dungeon Crawl Stone Soup version 0.30-a0-1163-gf69bf04e7a (webtiles) character file.

Game seed: 303419124341070362

1373 MacCMillion the Skirmisher (level 8, -15/39 HPs)
             Began as a Spriggan Hunter on Apr 28, 2023.
             Was a Follower of Okawaru.
             Killed from afar by Dowan (24 damage)
             ... with a shard of ice
             ... on level 6 of the Dungeon.
             The game lasted 00:13:08 (6863 turns).

MacCMillion the Skirmisher (Spriggan Hunter)        Turns: 6863, Time: 00:13:09

Health: -15/39     AC:  2    Str:  7    XL:     8   Next: 39%
Magic:  9/9        EV: 19    Int: 11    God:    Okawaru [*.....]
Gold:   225        SH:  0    Dex: 20    Spells: 7/7 levels left

rFire   . . .        a - +0 shortbow
rCold   . . .        (shield currently unavailable)
rNeg    . . .        c - +0 robe
rPois   .            (helmet restricted)
rElec   .            (no cloak)
rCorr   .            (gloves unavailable)
SInv    +            (boots unavailable)
Will    +....        (no amulet)
Stlth   +++          (no ring)
HPRegen 0.26/turn    (no ring)
MPRegen 0.11/turn

%: no passive effects
@: very quick
A: very small, no large weapons, unfitting armour, see invisible, speed 3
a: Renounce Religion, Heroism


You were on level 6 of the Dungeon.
You worshipped Okawaru.
Okawaru was aware of your devotion.
You visited 2 branches of the dungeon, and saw 7 of its levels.
You also visited: Sewer.

You collected 225 gold pieces.

Inventory:

Hand Weapons
 a - a +0 shortbow (weapon)
Missiles
 u - a throwing net
Armour
 c - a +0 robe (worn)
Jewellery
 p - a ring of magical power
 t - a ring of fire
 y - a ring of protection from fire
 C - a +4 ring of protection
 G - an amulet of faith
Wands
 v - a wand of quicksilver (6)
 z - a wand of flame (43)
 D - a wand of roots (1)
Scrolls
 b - a scroll of immolation
 d - a scroll of torment {unknown}
 e - a scroll of blinking {unknown}
 f - 3 scrolls of fear {unknown}
 k - 3 scrolls of teleportation {unknown}
 n - 2 scrolls of fog {unknown}
 o - a scroll of amnesia {unknown}
 q - a scroll of vulnerability {unknown}
 A - 3 scrolls of identify
 B - a scroll of butterflies {unknown}
 E - a scroll of enchant armour {unknown}
Potions
 g - a potion of invisibility
 h - a potion of might
 i - 3 potions of heal wounds
 j - a potion of resistance {unknown}
 l - 3 potions of curing {unknown}
 m - 2 potions of cancellation
 r - 2 potions of brilliance
 s - a potion of lignification {unknown}
 w - a potion of flight {unknown}
 x - a potion of mutation {unknown}
 F - 2 potions of ambrosia {unknown}


   Skills:
 + Level 2.3 Fighting
 * Level 10.4 Ranged Weapons
 + Level 3.8 Dodging
 - Level 4.0 Stealth


You had 7 spell levels left.
You didn't know any spells.
Your spell library contained the following spells:

 Spells                   Type           Power      Damage    Failure   Level
 Kiss of Death            Conj/Necr      0%         2d5       34%         1
 Cigotuvi's Dreadful Rot  Necr/Pois/Air  0%         N/A       47%         2
 Confusing Touch          Hex            0%         N/A       71%         3
 Ignite Poison            Fire/Tmut/Pois 0%         N/A       71%         3
 Dispel Undead            Necr           0%         3d6       98%         4
 Freezing Cloud           Conj/Ice/Air   0%         6-21      100%        5


Dungeon Overview and Level Annotations

Branches:
Dungeon (6/15)             Temple (1/1) D:5           Sewer (visited)

Altars:
Ashenzari
Cheibriados
Dithmenos
Elyvilon
Gozag
Hepliaklqana
Makhleb
Nemelex Xobeh
Okawaru
Qazlal
Ru
Uskayaw
Vehumet
Wu Jian
Xom
Yredelemnul
Zin
The Shining One

Annotations:
D:2 1 exclusion, Sigmund
D:6 exclusion: orc priest, Dowan


Innate Abilities, Weirdness & Mutations

You are very small and have problems with some larger weapons.
You are too small for most types of armour.
You have supernaturally acute eyesight. (SInv)
You cover ground extremely quickly. (Speed+++)


Message History

You shoot an arrow. The arrow hits Dowan.
Dowan is almost dead.
Dowan mumbles some strange words.
Dowan blinks!
Dowan points at you and mumbles some strange words.
The stone arrow hits you!
You are too injured to fight recklessly!
You are too injured to fight recklessly!
Dowan gestures at you while chanting. The stone arrow hits you!
* * * LOW HITPOINT WARNING * * *
Dowan points at you and mumbles some strange words.
The shard of ice misses you.
Dowan is nearby!
Dowan shakes with grief.
Dowan mumbles some strange words.
Dowan blinks!
You start resting.
Dowan is nearby!
You are too injured to fight recklessly!
Fire: a) +0 shortbow
Press: ? - help, Q - select action, (/) - cycle Shift-Dir - straight line, f/p - Dowan
Aim: Dowan, wielding a +0 dagger of protection and wearing a +0 robe (severely wounded, wandering, fast, hasn't noticed you, 60% to hit)
You shoot an arrow. The arrow misses Dowan.
Dowan shouts!
Fire: a) +0 shortbow
Press: ? - help, Q - select action, (/) - cycle Shift-Dir - straight line, f/p - Dowan
Aim: Dowan, wielding a +0 dagger of protection and wearing a +0 robe (severely wounded, fast, 60% to hit)
You shoot an arrow. The arrow hits Dowan.
Dowan is severely wounded.
Fire: a) +0 shortbow
Press: ? - help, Q - select action, (/) - cycle Shift-Dir - straight line, f/p - Dowan
Aim: Dowan, wielding a +0 dagger of protection and wearing a +0 robe (severely wounded, fast, 60% to hit)
You shoot an arrow.
The arrow hits Dowan but does no damage.
Dowan is severely wounded.
Dowan casts a spell at you. The shard of ice hits you!!
Ouch! That really hurt!
You die...

#################.#.#
...............#..#.#
##############.#..#.#
#.#..#.# #.#..#.#
#.#e.#.# #.#..#.#
#.#..#.# #.#@.#.#
#.####.# #......#
########


You could see Dowan (fast).

Vanquished Creatures
  Eustachio (D:6)
  Duvessa (D:6)
  A sky beast (D:5)
  2 ogres
  A phantom (D:5)
  2 kobold brigands (Sewer)
  2 scorpions
  4 hounds
  4 jellies
  Jessica (D:3)
  2 iguanas (D:4)
  11 adders
  A gnoll (D:1)
  2 river rats (D:4)
  An ufetubus (D:5)
  4 worms
  2 dart slugs
  2 orcs (D:4)
  10 endoplasms
  3 giant cockroaches
  4 goblins
  8 hobgoblins
  5 jackals (D:1)
  5 quokkas
  8 ball pythons
  4 bats
  2 frilled lizards
  10 kobolds
  9 rats
112 creatures vanquished.

Notes
Turn   | Place    | Note
-------+----------+-------------------------------------------
     0 | D:1      | MacCMillion the Spriggan Hunter began the quest for the
                  | Orb.
     0 | D:1      | Reached XP level 1. HP: 10/10 MP: 2/2
    53 | D:1      | Reached XP level 2. HP: 14/14 MP: 3/3
   460 | D:1      | Reached XP level 3. HP: 18/18 MP: 4/4
   783 | D:2      | Noticed Sigmund
   929 | D:2      | Reached skill level 5 in Ranged Weapons
   930 | D:2      | Found an opulent altar of Gozag.
  1218 | D:2      | You fall into a shaft and drop 1 floor!
  1390 | D:3      | Reached XP level 4. HP: 22/22 MP: 5/5
  1843 | D:3      | Found a glowing golden altar of the Shining One.
  2298 | D:3      | Found a stormy altar of Qazlal.
  2298 | D:3      | Found a broken altar of Ashenzari.
  2298 | D:3      | Found a hazy altar of Hepliaklqana.
  2299 | D:3      | Found an opulent altar of Gozag.
  2299 | D:3      | Found an ornate altar of the Wu Jian Council.
  2300 | D:3      | Found a shimmering altar of Xom.
  2301 | D:3      | Found a glowing silver altar of Zin.
  2301 | D:3      | Found a hide-covered altar of Uskayaw.
  2302 | D:3      | Found a basalt altar of Yredelemnul.
  2368 | D:3      | Noticed Jessica
  2370 | D:3      | Killed Jessica
  2630 | D:4      | Noticed an ogre
  2764 | D:4      | Reached skill level 6 in Ranged Weapons
  2764 | D:4      | Reached XP level 5. HP: 13/25 MP: 6/6
  2952 | D:4      | Found a glowing drain.
  3043 | Sewer    | Entered a sewer
  4048 | Sewer    | Reached skill level 7 in Ranged Weapons
  4048 | Sewer    | Reached XP level 6. HP: 30/30 MP: 7/7
  4377 | D:4      | Reached skill level 8 in Ranged Weapons
  4716 | D:5      | Entered Level 5 of the Dungeon
  4720 | D:5      | Reached XP level 7. HP: 33/33 MP: 8/8
  4745 | D:5      | Found a staircase to the Ecumenical Temple.
  4807 | Temple   | Entered the Ecumenical Temple
  5344 | D:5      | Reached skill level 9 in Ranged Weapons
  5608 | D:6      | Noticed Duvessa
  5609 | D:6      | Noticed Dowan
  5835 | D:6      | Found a sparkling altar of Nemelex Xobeh.
  5906 | D:6      | Found an iron altar of Okawaru.
  5933 | D:6      | Became a worshipper of Warmaster Okawaru
  6011 | D:6      | Noticed Eustachio
  6194 | D:6      | Killed Eustachio
  6195 | D:6      | Reached skill level 10 in Ranged Weapons
  6195 | D:6      | Reached XP level 8. HP: 37/37 MP: 9/9
  6585 | D:6      | Identified the +7 mace of the Lesser Evil {spect, Stlth+}
  6804 | D:6      | Killed Duvessa
  6804 | D:6      | Reached * piety under Okawaru
  6863 | D:6      | Killed from afar by Dowan

Illustrated notes

Levels and vault maps discovered:
D:1:      nzn_arrival_water_spiral, layout_rooms, minivault_25, hex_medium
D:2:      layout_basic, basic_altar, uniq_sigmund
D:3:      layout_rooms, nicolae_overflows_in_rows, feat_on_display, uniq_jessica
D:4:      layout_loops_ring, portal_sewer_entry_a
D:5:      layout_basic, minmay_temple_entry_glassed_door
D:6:      layout_basic, kennysheep_okawaru_gauntlet, nemelex_spade_bored_becter,
          uniq_duvessa, uniq_eustachio
Temple:   nicolae_temple_bog_church

Skill      XL: |  1  2  3  4  5  6  7  8 |
---------------+-------------------------+-----
Stealth        | 2 3 4 |  4.0
Ranged Weapons | 5 6 7 8 10 | 10.4
Dodging        | 3 |  3.8
Fighting       | 2 |  2.3

Action                     |  1- 3 |  4- 6 |  7- 9 || total
---------------------------+-------+-------+-------++-------
   Fire: Shortbow          |    82 |   166 |   178 ||   426
  Evoke: Wand              |       |     3 |       ||     3
    Use: Scroll            |       |     5 |       ||     5
 Armour: Robe              |     1 |     8 |     4 ||    13
  Dodge: Dodged            |    31 |    37 |    35 ||   103

Table legend: (Time is in decaauts)
 A = Elapsed time spent in this place.
 B = Non-inter-level travel time spent in this place.
 C = Inter-level travel time spent in this place.
 D = Time resting spent in this place.
 E = Time spent auto-exploring this place.
 F = Levels seen in this place.
 G = Mean time per level.
                   A        B        C        D        E       F      G
               +--------+--------+--------+--------+--------+-----+--------+
         Total |   5301 |   5150 |    151 |   2027 |   1935 |   8 |  662.6 |
       Dungeon |   3987 |   3857 |    130 |   1144 |   1782 |   6 |  664.5 |
        Temple |    149 |    129 |     20 |      0 |    111 |   1 |  149.0 |
         Sewer |   1164 |   1164 |      0 |    883 |     41 |   1 | 1164.0 |
               +--------+--------+--------+--------+--------+-----+--------+

Top non-repeatable levels by time:
   Sewer: 1164 daAuts
     D:3: 758 daAuts
     D:6: 748 daAuts
     D:4: 644 daAuts
     D:5: 640 daAuts
     D:2: 597 daAuts
     D:1: 597 daAuts
  Temple: 149 daAuts
